 Dungeon Crawl Stone Soup version 0.31-a0-229-g1fc7ce93e2 (webtiles) character file.

Game seed: 6143512283717747034

32 qw the Shooter (level 3, -1/29 HPs)
             Began as a Minotaur Hexslinger on July 6, 2023.
             Slain by a hobgoblin (3 damage)
             ... led by Robin
             ... on level 2 of the Dungeon.
             The game lasted 00:00:20 (528 turns).

qw the Shooter (Minotaur Hexslinger)                 Turns: 528, Time: 00:00:21

Health: -1/29      AC:  3    Str: 12    XL:     3   Next: 8%
Magic:  3/3        EV: 12    Int: 10    God:
Gold:   37         SH:  0    Dex: 14    Spells: 3/4 levels left

rFire   . . .        Y - +1 sling
rCold   . . .        (no shield)
rNeg    . . .        g - +0 leather armour
rPois   .            (helmet restricted)
rElec   .            (no cloak)
rCorr   .            (no gloves)
SInv    .            (no boots)
Will    .....        (no amulet)
Stlth   +            (no ring)
HPRegen 0.24/turn    (no ring)
MPRegen 0.08/turn

%: no passive effects
@: no status effects
A: horns 2, retaliatory headbutt
a: no special abilities


You were on level 2 of the Dungeon.
You visited 1 branch of the dungeon, and saw 2 of its levels.

You collected 65 gold pieces.
You spent 28 gold pieces at shops.


Innate Abilities, Weirdness & Mutations

You have a pair of horns on your head.
You reflexively headbutt those who attack you in melee.


   Skills:
 - Level 2.0 Fighting
 + Level 3.6 Ranged Weapons
 - Level 2.1 Dodging
 - Level 1.0 Spellcasting
 - Level 2.0 Hexes


You had 3 spell levels left.
You knew the following spells:

 Your Spells              Type           Power      Damage    Failure   Level
a - Slow                  Hex            16%        N/A       19%         1

Your spell library contained the following spells:

 Spells                   Type           Power      Damage    Failure   Level
 Inner Flame              Hex/Fire       2%         N/A       65%         3
 Portal Projectile        Hex/Tloc       4%         N/A       65%         3
 Cause Fear               Hex            2%         N/A       88%         4

Inventory:

Hand Weapons
 Y - a +1 sling (weapon)
Armour
 g - a +0 leather armour (worn)
Scrolls
 e - a scroll of identify
Potions
 f - a potion of enlightenment {unknown}
 h - a potion of attraction {unknown}

Dungeon Overview and Level Annotations

Branches:
Dungeon (2/15)

Altars:

Shops:
D:1 [

Annotations:
D:2 Robin


Message History

Robin misses you. The goblin closely misses you. You furiously retaliate!
You headbutt the goblin.
Robin hits you from afar with a +0 spear.
You shoot a sling bullet. The sling bullet hits the goblin.
The goblin is almost dead.
Robin's bangles clink loudly.
Robin closely misses you. The goblin hits you but does no damage.
You shoot a sling bullet.
The sling bullet closely misses the goblin.
The sling bullet hits Robin.
Robin is severely wounded.
Robin hits you from afar with a +0 spear.
The goblin hits you but does no damage.
You shoot a sling bullet. The sling bullet hits the goblin.
You kill the goblin!
Robin closely misses you.
You shoot a sling bullet.
The sling bullet barely misses the hobgoblin.
The sling bullet hits Robin but does no damage.
Robin is severely wounded.
The hobgoblin closely misses you. Robin throws the goblin at you!
The hobgoblin misses you. Robin hits you but does no damage.
The goblin hits you with a +0 club.
You shoot a sling bullet. The sling bullet hits the hobgoblin.
The hobgoblin is heavily wounded.
The goblin hits you with a +0 club. The hobgoblin misses you.
Robin hits you from afar with a +0 spear.
You shoot a sling bullet.
The sling bullet closely misses the hobgoblin.
The sling bullet hits Robin.
Robin is almost dead.
The goblin closely misses you. The hobgoblin hits you.
Robin hits you from afar with a +0 spear.
You shoot a sling bullet.
The sling bullet barely misses the hobgoblin.
The sling bullet barely misses Robin.
The sling bullet barely misses the goblin.
The goblin no longer looks unusually strong.
The goblin misses you. The hobgoblin hits you.
You die...

##.## #..<#
#..#### .
#.....# ).
#.###......
###...# .....
#.....# ....)
###.###g.....
#..g@ggg.)..
#######.....
... .


You could see Robin, a hobgoblin (strong) and 3 goblins.

Vanquished Creatures
  4 endoplasms (D:1)
  8 goblins
  2 hobgoblins
  2 quokkas (D:1)
  4 bats (D:1)
  4 frilled lizards (D:1)
  4 kobolds (D:1)
28 creatures vanquished.

Notes
Turn   | Place    | Note
-------+----------+-------------------------------------------
     0 | D:1      | qw the Minotaur Hexslinger began the quest for the Orb.
     0 | D:1      | Reached XP level 1. HP: 16/16 MP: 1/1
     0 | D:1      | 0 ||| qw: Version: 0.3-a-46-gb1f654a
     0 | D:1      | 0 ||| qw: Game counter: 1489
     0 | D:1      | 0 ||| qw: Melee chars always use a shield: true
     0 | D:1      | 0 ||| qw: God list: Okawaru
     0 | D:1      | 0 ||| qw: Allow faded altars: false
     0 | D:1      | 0 ||| qw: Do Orc after clearing Dungeon:15 true
     0 | D:1      | 0 ||| qw: Do second Lair branch before Depths: true
     0 | D:1      | 0 ||| qw: Lair rune preference: random
     0 | D:1      | 0 ||| qw: Goals: Normal
     0 | D:1      | 0 ||| PLANNING D:1-11
    99 | D:1      | Reached skill level 3 in Ranged Weapons
   119 | D:1      | Reached XP level 2. HP: 23/23 MP: 2/2
   150 | D:1      | 150 ||| FLEEEEING.
   151 | D:1      | 151 ||| FLEEEEING.
   152 | D:1      | 152 ||| FLEEEEING.
   153 | D:1      | 153 ||| FLEEEEING.
   154 | D:1      | 154 ||| FLEEEEING.
   155 | D:1      | 155 ||| FLEEEEING.
   156 | D:1      | 156 ||| FLEEEEING.
   157 | D:1      | 157 ||| FLEEEEING.
   158 | D:1      | 158 ||| FLEEEEING.
   159 | D:1      | 159 ||| FLEEEEING.
   160 | D:1      | 160 ||| FLEEEEING.
   161 | D:1      | 161 ||| FLEEEEING.
   273 | D:1      | Found Henugeat's Armour Boutique.
   276 | D:1      | 276 ||| BUYING +0 leather armour (28 gold).
   276 | D:1      | Bought a +0 leather armour for 28 gold pieces
   276 | D:1      | 276 ||| SHOPLISTING +0 leather armour of fire resistance
                  | (126 gold, have 28).
   276 | D:1      | 276 ||| SHOPLISTING +0 ring mail (56 gold, have 28).
   276 | D:1      | 276 ||| SHOPLISTING +0 robe of Parts Unknown {Will+ Stlth+}
                  | (225 gold, have 28).
   276 | D:1      | 276 ||| SHOPLISTING +2 leather armour of cold resistance
                  | (266 gold, have 28).
   468 | D:1      | 468 ||| UPGRADING to +0 leather armour.
   478 | D:1      | 478 ||| DROPPING +0 robe.
   479 | D:1      | 479 ||| READING scroll labelled OLAITIATYJE.
   480 | D:1      | 480 ||| READING 2 scrolls labelled YKLOSU ELADYZ.
   481 | D:1      | 481 ||| DROPPING scroll of poison.
   512 | D:2      | Noticed Robin
   513 | D:2      | Reached XP level 3. HP: 19/29 MP: 3/3
   526 | D:2      | HP: 6/29 [Robin/+0 spear (2)]
   527 | D:2      | HP: 2/29 [Robin/+0 spear (1)]
   528 | D:2      | Slain by a hobgoblin

Levels and vault maps discovered:
D:1:      dpeg_arrival_line_fractal, layout_rooms, serial_shops,
          nicolae_shop_behind_doors
D:2:      layout_basic, serial_rivers, chequers_serial_rivers_micro_e,
          chequers_serial_rivers_marsh, chequers_serial_rivers_micro_c,
          chequers_serial_rivers_large_a, uniq_terence, uniq_robin

Skill      XL: |  1  2 |
---------------+-------+-----
Ranged Weapons | 3 |  3.6
Fighting       | 2 |  2.0
Dodging        | |  2.1
Spellcasting   | |  1.0
Hexes          | |  2.0

Action                     || total
---------------------------++-------
   Fire: Sling             ||    87
    Use: Scroll            ||     2
 Armour: Robe              ||     7
         Leather armour    ||     5
  Dodge: Dodged            ||    30

Table legend:
 A = Non-vault XP
 B = Vault XP
 C = Vault XP percentage of total XP
 D = Non-vault monster count
 E = Vault monster count
 F = Vault count percentage of total count
                 A         B        C        D         E       F
            +---------+---------+-------+---------+---------+-------
      Total |      33 |      13 |  28.3 |      21 |       7 |  25.0
            +---------+---------+-------+---------+---------+-------
        D:1 |      33 |       0 |   0.0 |      21 |       0 |   0.0
        D:2 |       0 |      13 | 100.0 |       0 |       7 | 100.0
            +---------+---------+-------+---------+---------+-------
